 Dungeon Crawl Stone Soup version 0.32-a0-43-g058985b245 (webtiles) character file.

Game seed: 16700619334310925412

37257 BubbleThief the Spear-Bearer (level 13, 0/127 HPs)
             Began as a Naga Alchemist on Feb 4, 2024.
             Was a High Priest of Elyvilon.
             Slain by an elephant (10 damage)
             ... on level 4 of the Lair of Beasts.
             The game lasted 00:39:57 (14181 turns).

BubbleThief the Spear-Bearer (Naga Alchemist)      Turns: 14181, Time: 00:39:58

Health: 0/127      AC:  7    Str: 12    XL:     13   Next: 95%
Magic:  23/36      EV:  9    Int: 20    God:    Elyvilon [*****.]
Gold:   812        SH:  6    Dex: 11    Spells: 21/33 levels left

rFire   . . .        C - +5 spear (spect)
rCold   . . .        y - +0 buckler
rNeg    . . .        I - +0 troll leather armour
rPois   +            A - +0 helmet
rElec   .            (no cloak)
rCorr   .            q - +0 pair of gloves
SInv    +            (no barding)
Will    +....        m - amulet of magic regeneration
Stlth   ++           c - +4 ring of slaying
HPRegen 1.21/turn    V - ring of magical power
MPRegen 0.65/turn

%: no passive effects
@: on berserk cooldown, very slightly contaminated, slowed, studying Polearms,
very slow
A: AC +4, large, see invisible, deformed body, poison resistance, slowness 2,
spit poison 1, naga tail 2
a: Spit Poison, Renounce Religion, Purification, Heal Other, Heal Self, Divine
Vigour


You were on level 4 of the Lair of Beasts.
You worshipped Elyvilon.
Elyvilon was extremely pleased with you.
You visited 3 branches of the dungeon, and saw 15 of its levels.
You also visited: Sewer and Bailey.

You collected 1215 gold pieces.
You spent 403 gold pieces at shops.

Inventory:

Hand Weapons
 C - a +5 spectral spear (weapon)
 F - a +4 spear of freezing
Missiles
 x - a throwing net
Armour
 k - the +4 kite shield of the Wasteland {rCorr}
   (You found it on level 5 of the Dungeon)

   rCorr:     It protects you from acid and corrosion.
 q - a +0 pair of gloves (worn)
 y - a +0 buckler (worn)
 A - a +0 helmet (worn)
 E - a +3 leather armour
 G - a +0 robe of fire resistance
 I - a +0 troll leather armour (worn)
Magical Staves
 h - a staff of fire
Jewellery
 c - a +4 ring of slaying (left hand)
 m - an amulet of magic regeneration (around neck)
 B - an amulet of regeneration
 T - a ring of fire
 V - a ring of magical power (right hand)
Wands
 n - a wand of mindburst (37)
 r - a wand of flame (13)
 M - a wand of charming (3)
 O - a wand of polymorph (3)
 Q - a wand of roots (1)
Scrolls
 d - 3 scrolls of identify
 g - 3 scrolls of teleportation
 j - 3 scrolls of enchant armour
 p - 5 scrolls of revelation
 w - 3 scrolls of blinking
 H - 3 scrolls of butterflies
 L - a scroll of amnesia
 N - a scroll of silence
 P - a scroll of brand weapon
 R - 2 scrolls of fog
 S - 2 scrolls of enchant weapon
 U - a scroll of poison
Potions
 a - 2 potions of cancellation
 b - 4 potions of magic
 e - 4 potions of enlightenment
 f - 2 potions of brilliance
 i - 5 potions of resistance
 l - 9 potions of curing
 o - 4 potions of might
 s - 3 potions of berserk rage
 t - 3 potions of haste
 u - 2 potions of mutation
 v - a potion of attraction
 z - 2 potions of invisibility
 D - a potion of experience
 J - 4 potions of heal wounds


   Skills:
 + Level 11.1 Fighting
 - Level 12.0 Polearms
 - Level 1.5 Dodging
 - Level 3.0 Stealth
 * Level 11.6 Shields
 + Level 10.8 Spellcasting
 - Level 1.0 Conjurations
 - Level 6.0 Fire Magic
 - Level 9.0 Alchemy


You had 21 spell levels left.
You knew the following spells:

 Your Spells              Type           Power      Damage    Failure   Level
a - Sting                 Conj/Alch      100%       1d9       1%          1
b - Mephitic Cloud        Conj/Alch/Air  24%        N/A       8%          3
c - Olgreb's Toxic Radia  Alch           47%        N/A       2%          4
d - Sticky Flame          Fire/Alch      40%        2d8       4%          4

Your spell library contained the following spells:

 Spells                   Type           Power      Damage    Failure   Level
 Mercury Vapours          Alch/Air       56%        N/A       2%          2
 Magic Dart               Conj           56%        1d5       7%          1
 Momentum Strike          Conj/Tloc      24%        3d8       13%         2
 Blink                    Tloc           20%        N/A       16%         2
 Call Imp                 Summ           20%        N/A       16%         2
 Ensorcelled Hibernation  Hex/Ice        20%        N/A       16%         2
 Lesser Beckoning         Tloc           20%        N/A       16%         2
 Leda's Liquefaction      Alch/Erth      14%        N/A       16%         4
 Fugue of the Fallen      Necr           10%        N/A       30%         3
 Ozocubu's Armour         Ice            10%        N/A       30%         3
 Passwall                 Erth           10%        N/A       30%         3
 Swiftness                Air            10%        N/A       30%         3
 Tukima's Dance           Hex            10%        N/A       30%         3
 Yara's Violent Unravell  Hex/Alch       14%        3d7       41%         5
 Fireball                 Conj/Fire      12%        3d7       56%         5
 Brom's Barrelling Bould  Conj/Erth      12%        2d4       63%         4
 Manifold Assault         Tloc           10%        N/A       71%         4
 Passage of Golubria      Tloc           10%        N/A       71%         4
 Iskenderun's Battlesphe  Conj           14%        2d7       88%         5
 Lee's Rapid Deconstruct  Erth           5%         3d6*      96%         5
 Bombard                  Conj/Erth      6%         9d2       100%        6
 Conjure Ball Lightning   Conj/Air       6%         3x3d6     100%        6
 Dispersal                Tloc           5%         N/A       100%        6
 Orb of Destruction       Conj           7%         9d6       100%        7
 Disjunction              Tloc           5%         N/A       100%        8


Dungeon Overview and Level Annotations

Branches:
Dungeon (11/15)            Temple (1/1) D:7            Lair (4/5) D:11
  Swamp (0/4) Lair:3       Spider (0/4) Lair:2        Sewer (visited)
 Bailey (visited)
  Slime: Lair:4-5       Orc: D:9-12

Altars:
Ashenzari
Cheibriados
Dithmenos
Elyvilon
Gozag
Hepliaklqana
Kikubaaqudgha
Makhleb
Nemelex Xobeh
Okawaru
Qazlal
Ru
Sif Muna
Trog
Uskayaw
Vehumet
Xom
Yredelemnul
Zin
The Shining One

Shops:
D:3 **(   D:5 *   D:9 [*

Annotations:
D:3 1 runed translucent door, drugrobin's ghost, amateur DgDe
Lair:2 2 transporters, whatisthis's ghost, journeyman OnFE


Innate Abilities, Weirdness & Mutations

Your serpentine skin is tough. (AC +4)
You have supernaturally acute eyesight. (SInv)
Armour fits poorly on your strangely shaped body.
Your system is resistant to poisons. (rPois)
You cover ground very slowly.
You can spit poison.
You can use your snake-like lower body to constrict enemies.


Message History

The elephant burns!
The elephant tramples you!
* * * LOW HITPOINT WARNING * * *
You hold your ground!
The elephant trunk-slaps you but does no damage.
The elephant tramples you!
* * * LOW HITPOINT WARNING * * *
You hold your ground!
The elephant barely misses you.
You hit the elephant but do no damage.
The elephant is almost dead.
Your +5 spectral spear hits the elephant from afar!
You feel sick.
The elephant burns!
You kill the elephant!
The elephant barely misses you.
The elephant trunk-slaps you but does no damage.
Casting: Sticky Flame (mildly dangerous; 4% risk of failure)
Confirm with . or Enter, or press ? or * to list all spells.
Aiming: Sticky Flame (mildly dangerous; 4% risk of failure)
Press: ? - help, Shift-Dir - straight line, f - elephant
Aim: an elephant The sticky flame hits the elephant.
The elephant is lightly wounded.
Your +5 spectral spear disappears.
You feel sick.
You are no longer poisoned.
The elephant burns!
The elephant tramples you! Elyvilon protects you from harm!
You stumble backwards!
The elephant shakes off the sticky flame as it moves.
Casting: Sticky Flame (mildly dangerous; 4% risk of failure)
Confirm with . or Enter, or press ? or * to list all spells.
Aiming: Sticky Flame (mildly dangerous; 4% risk of failure)
Press: ? - help, Shift-Dir - straight line, f/p - elephant
Aim: an elephant (lightly wounded)
The sticky flame hits the elephant!
The elephant is moderately wounded.
The elephant burns! x2; You block the elephant's attack.
The elephant trunk-slaps you.
* * * LOW HITPOINT WARNING * * *
The elephant tramples you!
You die...

*,,,,,,,......>...#####,,***,
**,,,..............#####,***,
*,,......##....########,##..
*,,.≈≈≈.###############,....
**,,.≈§§.P##############*....
*,,,.≈≈≈..##############*....
**,,..<....#############*....
*,*,.......)###.##..#####...#
*,,,........@.......###.....#
***,.......Y.................
**,......†....P#.#.....PPP..
*,,...........##.......#...#
**,..#.....#.#.............#
*,,.,#.....#..##............
**,,..........#P............
**,....~~~......../......#..
**,,....~♣~..............##..


You could see an elephant (burning).

Vanquished Creatures
  An orc warlord (Bailey)
  A boulder beetle (D:7)
  8 death yaks (Lair:2)
  A skyshark (Lair:2)
  2 orc knights (Bailey)
  A manticore (Lair:3)
  2 cyclopes (D:11)
  2 black mambas
  9 elephants
  A molten gargoyle (Lair:4)
  A torpor snail (Lair:3)
  Jeremiah (D:8)
  4 cane toads
  2 rime drakes
  10 komodo dragons
  2 trolls
  2 polar bears (Lair:3)
  22 blink frogs
  4 culicivoras (Lair:2)
  2 shadows (D:11)
  3 wyverns
  18 yaks
  A wraith (D:11)
  5 basilisks
  2 steam dragons
  5 vampire mosquitoes (Lair:3)
  11 water moccasins
  15 orc warriors
  2 ice beasts
  4 black bears
  4 ogres
  15 wolves
  4 centaurs (D:8)
  2 phantoms
  Blork the orc (D:5)
  3 kobold brigands
  2 gnoll sergeants
  11 bullfrogs
  10 scorpions
  9 wights (D:7)
  13 killer bees
  2 electric eels (Lair:3)
  4 howler monkeys
  2 bombardier beetles
  6 jellies
  A centaur zombie (D:8)
  A gnoll bouda (D:4)
  6 orc priests
  3 hounds
  2 sleepcaps
  3 iguanas
  11 orc wizards
  2 killer bee zombies (D:8)
  An ogre zombie (D:8)
  A mummy (D:8)
  21 gnolls
  14 adders
  7 river rats (Sewer)
  A white imp (D:8)
  A dart slug (D:2)
  5 ribbon worms
  34 orcs
  11 ball pythons
  9 endoplasms
  4 giant cockroaches
  26 goblins
  18 hobgoblins
  3 jackals (D:1)
  3 quokkas
  7 bats
  9 frilled lizards
  30 kobolds
  21 rats
487 creatures vanquished.

Vanquished Creatures (others)
  2 spectral weapons
2 creatures vanquished.

Grand Total: 489 creatures vanquished

Notes
Turn   | Place    | Note
-------+----------+-------------------------------------------
     0 | D:1      | BubbleThief the Naga Alchemist began the quest for the Orb.
     0 | D:1      | Reached XP level 1. HP: 15/15 MP: 3/3
   163 | D:1      | Reached XP level 2. HP: 19/22 MP: 0/5
   773 | D:1      | Reached XP level 3. HP: 28/28 MP: 4/6
   777 | D:1      | Learned a level 3 spell: Mephitic Cloud
  1366 | D:2      | Reached skill level 5 in Alchemy
  1506 | D:2      | Reached XP level 4. HP: 36/36 MP: 4/8
  1797 | D:2      | Learned a level 4 spell: Olgreb's Toxic Radiance
  2317 | D:3      | Found Mirghi's General Store.
  2363 | D:3      | Found a runed translucent door.
  2368 | D:3      | Noticed drugrobin's ghost (amateur DgDe)
  2530 | D:3      | Found a faded altar of an unknown god.
  2612 | D:3      | Reached XP level 5. HP: 42/42 MP: 4/9
  2722 | D:3      | Found Kucverut's Weapon Shop.
  2883 | D:3      | Found a glowing drain.
  2887 | Sewer    | Entered a sewer
  2922 | Sewer    | Noticed a kobold brigand
  2922 | Sewer    | Noticed a kobold brigand
  2928 | Sewer    | Killed a kobold brigand
  2931 | Sewer    | Reached XP level 6. HP: 38/49 MP: 1/11
  3091 | Sewer    | Learned a level 4 spell: Sticky Flame
  3619 | D:3      | Found Lennal's Assorted Antiques.
  3627 | D:3      | Bought a scroll of blinking for 142 gold pieces
  3627 | D:3      | Bought a scroll labelled CEGENOFIHI for 19 gold pieces
  3627 | D:3      | Bought a bubbling emerald potion for 17 gold pieces
  3897 | D:4      | Reached XP level 7. HP: 55/55 MP: 13/13
  3929 | D:4      | Reached skill level 1 in Fire Magic
  4102 | D:4      | Found an ancient bone altar of Kikubaaqudgha.
  5381 | D:5      | Entered Level 5 of the Dungeon
  5420 | D:5      | Noticed Blork the orc
  5432 | D:5      | Killed Blork the orc
  5433 | D:5      | Reached XP level 8. HP: 22/62 MP: 12/15
  5619 | D:5      | Reached skill level 5 in Spellcasting
  5914 | D:5      | Found Euwoj's Eclectic Emporium.
  5924 | D:5      | Bought a scroll of enchant armour for 82 gold pieces
  6090 | D:5      | Identified the +4 kite shield of the Wasteland {rCorr}
  6198 | D:6      | Reached skill level 5 in Fire Magic
  6244 | D:6      | Identified the +5 dagger "Hydra's Doom" {drain, rC++}
  6262 | D:6      | Reached XP level 9. HP: 68/68 MP: 16/18
  6283 | D:6      | Found a shimmering altar of Xom.
  6501 | D:6      | Reached skill level 1 in Fighting
  7015 | D:7      | Noticed a boulder beetle
  7025 | D:7      | Killed a boulder beetle
  7026 | D:7      | Reached XP level 10. HP: 87/87 MP: 12/22
  7180 | D:7      | Reached skill level 5 in Fighting
  7234 | D:7      | Found a hide-covered altar of Uskayaw.
  7271 | D:7      | Found a staircase to the Ecumenical Temple.
  7277 | Temple   | Entered the Ecumenical Temple
  7335 | Temple   | Became a worshipper of Elyvilon the Healer
  7824 | D:7      | Reached * piety under Elyvilon
  8383 | D:8      | Noticed Jeremiah
  8393 | D:8      | Killed Jeremiah
  9013 | D:8      | Reached ** piety under Elyvilon
  9237 | D:9      | Reached skill level 1 in Polearms
  9237 | D:9      | Reached skill level 1 in Shields
  9343 | D:9      | Reached skill level 2 in Polearms
  9435 | D:9      | Found a flagged portal.
  9441 | Bailey   | Entered a bailey
  9515 | Bailey   | Reached skill level 3 in Polearms
  9536 | Bailey   | Noticed an orc knight
  9542 | Bailey   | Reached XP level 11. HP: 97/106 MP: 15/24
  9550 | Bailey   | Killed an orc knight
  9551 | Bailey   | Reached skill level 4 in Polearms
  9617 | Bailey   | Noticed an orc knight
  9624 | Bailey   | Noticed an orc warlord
  9632 | Bailey   | Killed an orc knight
  9633 | Bailey   | Reached skill level 5 in Polearms
  9647 | Bailey   | Killed an orc warlord
  9648 | Bailey   | Reached skill level 6 in Polearms
  9775 | Bailey   | Reached skill level 7 in Polearms
  9848 | D:9      | Found Veveto Tuafa's General Store.
  9852 | D:9      | Found a shimmering blue altar of Sif Muna.
  9856 | D:9      | Bought a scroll of teleportation for 39 gold pieces
  9856 | D:9      | Bought a potion of heal wounds for 65 gold pieces
  9856 | D:9      | Bought a potion of curing for 39 gold pieces
 10040 | D:9      | Found a broken altar of Ashenzari.
 10147 | D:9      | Found Rued's Armour Shoppe.
 10217 | D:9      | You fall into a shaft and drop 2 floors!
 10285 | D:11     | Reached *** piety under Elyvilon
 10313 | D:11     | Noticed a cyclops
 10320 | D:11     | Killed a cyclops
 10380 | D:11     | Reached skill level 8 in Polearms
 10380 | D:11     | Reached skill level 5 in Shields
 10488 | D:11     | Noticed a cyclops
 10495 | D:11     | Killed a cyclops
 10782 | D:11     | Found a staircase to the Lair.
 10824 | D:11     | Reached skill level 9 in Polearms
 10836 | D:11     | Reached **** piety under Elyvilon
 11252 | Lair:1   | Entered Level 1 of the Lair of Beasts
 11346 | Lair:1   | Reached skill level 10 in Polearms
 11403 | Lair:1   | Reached XP level 12. HP: 91/114 MP: 22/25
 11414 | Lair:1   | Reached skill level 11 in Polearms
 11685 | Lair:1   | Reached skill level 12 in Polearms
 12028 | Lair:1   | Reached ***** piety under Elyvilon
 12138 | Lair:2   | Noticed a death yak
 12139 | Lair:2   | Noticed a death yak
 12140 | Lair:2   | Noticed a death yak
 12148 | Lair:2   | Killed a death yak
 12157 | Lair:2   | Killed a death yak
 12158 | Lair:2   | Killed a death yak
 12312 | Lair:2   | Found a hole to the Spider Nest.
 12378 | Lair:2   | Found a transporter.
 12382 | Lair:2   | Noticed a skyshark
 12396 | Lair:2   | Killed a skyshark
 12435 | Lair:2   | Gained mutation: You can use your snake-like lower body to
                  | constrict enemies. [Naga growth]
 12435 | Lair:2   | Reached XP level 13. HP: 68/123 MP: 5/26
 12596 | Lair:2   | Found a transporter.
 12651 | Lair:2   | Reached skill level 10 in Fighting
 12731 | Lair:2   | Reached skill level 10 in Spellcasting
 12739 | Lair:2   | Reached skill level 10 in Shields
 12871 | Lair:2   | Noticed whatisthis's ghost (journeyman OnFE)
 13370 | Lair:3   | Found a staircase to the Swamp.
 14111 | Lair:4   | Reached ****** piety under Elyvilon
 14180 | Lair:4   | Elyvilon protects you from harm!
 14181 | Lair:4   | Slain by an elephant

Illustrated notes

Levels and vault maps discovered:
D:1:      dpeg_arrival_court, layout_basic, kennysheep_small_spiral,
          minmay_misc_feat_hallway
D:2:      cheibrodos_greedy_goblins, layout_basic, minmay_tetromino_o4
D:3:      layout_loops_cross, serial_shops, nicolae_shop_statue_plus,
          nicolae_shop_bloodbath_and_beyond, shop, ebering_ghost_sewer_d,
          hellmonk_ecumenical_altar_blasted, gup_sewer_entry_spiral
D:4:      layout_layer_cave, lemuel_tele_altar, grunt_ministairs_7,
          kennysheep_generic_room_2
D:5:      corexii_shack_village, layout_rooms, nicolae_alphabet_shops,
          uniq_blork_the_orc
D:6:      layout_gridville, amcnicky_altar_gilded
D:7:      layout_gridville, eat_drink_and_be_merry_uskayaw,
          minmay_temple_entry_glassed_door, minmay_manual_monstrance
D:8:      layout_loops_corners, minmay_mini_ossuary, uniq_jeremiah
D:9:      layout_roguey, mainiacjoe_overflow_six_doors_small,
          mainiacjoe_overflow_small_starburst, serial_shops, shop, shop,
          enter_bailey_2
D:11:     layout_stronghold, david_lair_generic
Temple:   regret_index_temple_generic_petals
Lair:1:   layout_chaotic_city, dreamdust_deal_with_the_devil
Lair:2:   layout_regular_city, hellmonk_spider_entry_life_and_decay,
          nzn_ghost_randoct
Lair:3:   layout_big_grid, minmay_swamp_entry_swarm, nicolae_lair_lakeside_cave,
          infiniplex_staircase_pool
Lair:4:   layout_gridlike, enter_volcano_4, pdpol_lair_cabin_in_the_woods

Skill      XL: |  1  2  3  4  5  6  7  8  9 10 11 12 13 |
---------------+----------------------------------------+-----
Alchemy        | 4 5 6 7 9 |  9.0
Spellcasting   | 3 4 6 8 9 10 | 10.8
Fire Magic     | 2 5 6 |  6.0
Fighting       | 4 9 11 | 11.1
Polearms       | 3 10 12 | 12.0
Shields        | 2 6 9 11 | 11.6
Dodging        | |  1.5
Stealth        | |  3.0
Conjurations   | |  1.0

Action                     |  1- 3 |  4- 6 |  7- 9 | 10-12 | 13-15 || total
---------------------------+-------+-------+-------+-------+-------++-------
  Melee: Unarmed           |     6 |       |       |       |       ||     6
         Staff             |     5 |    19 |     9 |    25 |       ||    58
         Dagger            |       |       |    20 |     4 |       ||    24
         Spear             |       |       |       |   223 |   166 ||   389
         Punch             |       |       |       |     1 |       ||     1
         Constrict         |       |       |       |       |    33 ||    33
   Cast: Sting             |    39 |    84 |    41 |     3 |     3 ||   170
         Olgreb's Toxic Ra |       |     9 |    34 |    66 |    23 ||   132
         Mephitic Cloud    |       |     1 |     1 |    10 |     4 ||    16
         Sticky Flame      |       |       |    20 |    61 |    23 ||   104
 Invoke: Heal Self         |       |       |       |       |     1 ||     1
Ability: Spit Poison       |    29 |    41 |    27 |    12 |     5 ||   114
  Evoke: Wand              |       |       |       |     4 |       ||     4
    Use: Scroll            |       |     7 |    12 |    10 |     4 ||    33
         Potion            |       |       |       |       |     2 ||     2
   Stab: Sleeping          |       |       |     3 |     2 |       ||     5
         Distracted        |       |       |       |     5 |     2 ||     7
         Confused          |       |       |       |     6 |     1 ||     7
 Armour: Robe              |    21 |    55 |    50 |    50 |       ||   176
         Steam dragon scal |       |       |    10 |    33 |       ||    43
         Troll leather arm |       |       |       |   108 |    97 ||   205
  Dodge: Dodged            |    22 |    36 |    24 |    71 |    40 ||   193
  Block: Buckler           |       |       |       |    16 |    31 ||    47

Table legend: (Time is in decaauts)
 A = Elapsed time spent in this place.
 B = Non-inter-level travel time spent in this place.
 C = Inter-level travel time spent in this place.
 D = Time resting spent in this place.
 E = Time spent auto-exploring this place.
 F = Levels seen in this place.
 G = Mean time per level.
                   A        B        C        D        E       F      G
               +--------+--------+--------+--------+--------+-----+--------+
         Total |  17886 |  17350 |    536 |     90 |  14120 |  17 | 1052.1 |
       Dungeon |  13014 |  12661 |    353 |     90 |  10529 |  10 | 1301.4 |
        Temple |    134 |     40 |     94 |      0 |      0 |   1 |  134.0 |
          Lair |   3545 |   3457 |     88 |      0 |   2838 |   4 |  886.2 |
         Sewer |    725 |    725 |      0 |      0 |    526 |   1 |  725.0 |
        Bailey |    466 |    466 |      0 |      0 |    226 |   1 |  466.0 |
               +--------+--------+--------+--------+--------+-----+--------+

Top non-repeatable levels by time:
     D:4: 1983 daAuts
     D:8: 1604 daAuts
     D:1: 1591 daAuts
    D:11: 1360 daAuts
     D:2: 1323 daAuts
     D:3: 1317 daAuts
     D:7: 1228 daAuts
  Lair:2: 1226 daAuts
  Lair:3: 1155 daAuts
  Lair:1: 1078 daAuts
     D:5: 995 daAuts
     D:6: 821 daAuts
     D:9: 789 daAuts
   Sewer: 725 daAuts
  Bailey: 466 daAuts
